 Dungeon Sprint DCSS version 0.16-a0-4078-g0e80503 (console) character file.

5300000 Monkaria the Axe Maniac (level 21, -11/204 HPs)
             Began as a Human Gladiator on Feb 22, 2015.
             Was the Champion of Makhleb.
             Mangled by The Servant
             ... wielding a +9 glaive of flaming
              (45 damage)
             ... in the Dungeon (Sprint VIII: "Arena of Blood").
             The game lasted 00:06:03 (53 turns).

Monkaria the Axe Maniac (Human Gladiator)             Turns: 53, Time: 00:06:03

Health: -11/204    AC:  8    Str: 17    XL:     21   Next: 47%
Magic:  22/42      EV: 35    Int: 11    God:    Makhleb [******]
Gold:   0          SH:  0    Dex: 20    Spells: 0 memorised, 54 levels left

rFire  . . .     SeeInvis .     l - +∞ Axe of Woe
rCold  . . .     Clarity  .     b - +0 leather armour
rNeg   . . .     SustAb   .     (no shield)
rPois  .         Gourm    .     c - +0 helmet
rElec  .         Spirit   .     (no cloak)
rCorr  .         Warding  .     (no gloves)
rMut   .         NoTele   +     (no boots)
MR     +....                    (no amulet)
Stlth  +++++++++.               h - +200 ring of slaying
                                o - +200 ring of slaying

@: very slightly contaminated, hasted, very quick, somewhat resistant to hostile
enchantments, incredibly stealthy
A: no striking features
a: Minor Destruction, Lesser Servant of Makhleb, Major Destruction, Greater
Servant of Makhleb, Renounce Religion


You were in the Dungeon.
You worshipped Makhleb.
Makhleb was exalted by your worship.
You were not hungry.

You visited 1 branch

Inventory:

Hand weapons
 a - a +0 war axe
 l - the +∞ Axe of Woe (weapon)
   (You found it in the Dungeon)
Missiles
 d - 3 throwing nets (quivered)
Armour
 b - a +0 leather armour (worn)
 c - a +0 helmet (worn)
Jewellery
 h - a +200 ring of slaying (right hand)
 m - a +30 ring of slaying
 n - a +30 ring of slaying
 o - a +200 ring of slaying (left hand)
Scrolls
 k - a scroll of blinking
Potions
 e - a potion of curing
 g - a potion of heal wounds
 i - 2 potions of magic
 j - a potion of berserk rage
Comestibles
 f - a bread ration


   Skills:
 O Level 27 Fighting
 O Level 27 Axes
 - Level 2.0 Throwing
 O Level 27 Armour
 O Level 27 Dodging
 O Level 27 Stealth
 + Level 17.3 Spellcasting
 O Level 27 Invocations


You had 54 spell levels left.
You didn't know any spells.

Dungeon Overview and Level Annotations

Branches:
Dungeon (1/1)

Altars:
Makhleb

Annotations:
D The Servant


Message History

You hear a shout! x5
The eight-headed meat hydra calls on the powers of darkness!
The eight-headed meat hydra convulses!
The bag of meat convulses!
The meat berserker convulses!
The Servant convulses!
Your body is wracked with pain!
You hear a shout! x4
You carve the small abomination like a ham!!!!!!
You dissect the small abomination like a pig carcass.
You destroy the small abomination!
Makhleb accepts your kill.
You carve the small abomination like a ham!!!!
You butcher the small abomination messily.
You destroy the small abomination!
Makhleb accepts your kill.
You feel a little better.
You hear a shout! x5
The Servant hits you from afar with a +9 glaive of flaming!!!!
* * * LOW HITPOINT WARNING * * *
The Servant burns you!!!
You die...

... ..... .. #...
.# #... ..#
..###... ..###.
.......###......
#.. ....._z.....
.... #)....# .....
#@)<._#
.......#))...#...
#.....O@)_.......
.........###......
...###.o. ..###.
.. #D... ..#
#..... .#
.........
.........


You could see The Servant, an eight-headed meat hydra, a sculptor of flesh, a
meat berserker (berserk) and a bag of meat.

Vanquished Creatures
  6 ogres (D)
  21 orcs (D)
  3 vampire knights (D)
  A large abomination (D)
  4 small abominations (D)
  2 crawling corpses (D)
37 creatures vanquished.

Vanquished Creatures (others)
  2 Executioners (D)
2 creatures vanquished.

Grand Total: 39 creatures vanquished

Notes
Turn   | Place    | Note
--------------------------------------------------------------
     0 | D        | Monkaria, the Human Gladiator, began the quest for the Orb.
     0 | D        | Reached XP level 1. HP: 16/16 MP: 1/1
     3 | D        | Noticed a bag of meat
     3 | D        | Noticed a meat berserker
     3 | D        | Noticed a bag of meat
     4 | D        | Killed a meat berserker
     4 | D        | Reached skill level 24 in Axes
     4 | D        | Reached XP level 2. HP: 22/22 MP: 2/2
     4 | D        | Reached XP level 3. HP: 27/27 MP: 3/3
     4 | D        | Reached XP level 4. HP: 33/33 MP: 4/4
     4 | D        | Reached XP level 5. HP: 38/38 MP: 5/5
     4 | D        | Reached XP level 6. HP: 44/44 MP: 6/6
     4 | D        | Reached XP level 7. HP: 50/50 MP: 7/7
     4 | D        | Reached XP level 8. HP: 56/56 MP: 8/8
     4 | D        | Reached XP level 9. HP: 61/61 MP: 9/9
     4 | D        | Reached XP level 10. HP: 67/67 MP: 10/10
     4 | D        | Reached XP level 11. HP: 72/72 MP: 11/11
     5 | D        | Noticed a bag of meat
     5 | D        | Became a worshipper of Makhleb the Destroyer
     6 | D        | Noticed a bag of meat
     7 | D        | Noticed a bag of meat
     8 | D        | Noticed a bag of meat
     8 | D        | Noticed a bag of meat
    10 | D        | Killed a bag of meat
    10 | D        | Reached skill level 27 in Axes
    10 | D        | Reached skill level 10 in Fighting
    10 | D        | Reached XP level 12. HP: 76/98 MP: 12/12
    10 | D        | Reached XP level 13. HP: 80/104 MP: 13/13
    11 | D        | Killed a bag of meat
    11 | D        | Acquired Makhleb's first power
    12 | D        | Noticed a bag of meat
    12 | D        | Noticed a bag of meat
    12 | D        | Noticed a meat berserker
    12 | D        | Killed a bag of meat
    12 | D        | Reached XP level 14. HP: 84/138 MP: 14/14
    13 | D        | Noticed a meat berserker
    13 | D        | Noticed a bag of meat
    13 | D        | Noticed a bag of meat
    13 | D        | Noticed a bag of meat
    13 | D        | Noticed a bag of meat
    15 | D        | Noticed a bag of meat
    15 | D        | Noticed a bag of meat
    16 | D        | Killed a bag of meat
    16 | D        | Acquired Makhleb's second power
    16 | D        | Reached XP level 15. HP: 89/151 MP: 15/15
    16 | D        | Killed a bag of meat
    17 | D        | Killed a meat berserker
    17 | D        | Acquired Makhleb's third power
    17 | D        | Reached skill level 27 in Fighting
    18 | D        | Noticed a bag of meat
    18 | D        | Killed a bag of meat
    18 | D        | Reached skill level 15 in Dodging
    18 | D        | Reached XP level 16. HP: 163/167 MP: 16/16
    19 | D        | Noticed a bag of meat
    19 | D        | Noticed a meat berserker
    19 | D        | Killed a bag of meat
    19 | D        | Killed a bag of meat
    19 | D        | Acquired Makhleb's fourth power
    20 | D        | Noticed a bag of meat
    20 | D        | Killed a bag of meat
    20 | D        | Reached XP level 17. HP: 174/174 MP: 17/17
    20 | D        | Killed a bag of meat
    20 | D        | Acquired Makhleb's fifth power
    20 | D        | Killed a meat berserker
    20 | D        | Reached skill level 27 in Dodging
    20 | D        | Reached skill level 10 in Armour
    22 | D        | Noticed a bag of meat
    22 | D        | Killed a bag of meat
    22 | D        | Reached XP level 18. HP: 182/182 MP: 18/18
    23 | D        | Noticed a bag of meat
    23 | D        | Killed a bag of meat
    24 | D        | Noticed a meat berserker
    24 | D        | Noticed a bag of meat
    24 | D        | Noticed a bag of meat
    24 | D        | Noticed a destroyer
    25 | D        | Killed a meat berserker
    26 | D        | Killed a bag of meat
    26 | D        | Killed a meat berserker
    26 | D        | Reached XP level 19. HP: 189/189 MP: 18/18
    27 | D        | Killed a bag of meat
    27 | D        | Reached skill level 27 in Armour
    29 | D        | Killed a destroyer
    30 | D        | Noticed a bag of meat
    30 | D        | Noticed a destroyer
    30 | D        | Noticed a meat berserker
    31 | D        | Noticed a destroyer
    31 | D        | Killed a bag of meat
    31 | D        | Killed a bag of meat
    31 | D        | Killed a bag of meat
    31 | D        | Reached XP level 20. HP: 197/197 MP: 18/41
    31 | D        | Killed a bag of meat
    31 | D        | Reached skill level 27 in Invocations
    33 | D        | Killed a bag of meat
    33 | D        | Killed a bag of meat
    34 | D        | Killed a destroyer
    39 | D        | Noticed The Servant
    39 | D        | Killed a destroyer
    39 | D        | Reached skill level 27 in Stealth
    39 | D        | Reached XP level 21. HP: 204/204 MP: 19/42
    39 | D        | Killed a meat berserker
    42 | D        | Noticed a bag of meat
    43 | D        | Noticed an eight-headed meat hydra
    43 | D        | Noticed a sculptor of flesh
    43 | D        | Noticed a sculptor of flesh
    44 | D        | Noticed a bag of meat
    44 | D        | Noticed a meat berserker
    51 | D        | Killed a bag of meat
    53 | D        | Mangled by The Servant

Action                   |  1- 3 |  4- 6 |  7- 9 | 10-12 | 13-15 | 16-18 | 19-21 || total
-------------------------+-------+-------+-------+-------+-------+-------+-------++-------
Melee: Executioner's axe |     1 |       |       |     1 |     5 |     6 |    10 ||    23
Invok: Greater Servant o |       |       |       |       |       |       |     2 ||     2
  Use: Potion            |       |       |       |       |       |       |     1 ||     1
